Map: Hardwire LE

Players

Pumba - Winner!

  • Race: Protoss Protoss
  • League: Diamond
  • Spawn Location: 7:00

DraKek

  • Race: Zerg Zerg
  • League: Diamond
  • Spawn Location: 1:00

VOD

Have the link to the VOD?

Description

Time

  • Played on: March 8, 2022, 9:16 p.m.
  • Length: 11:53
Show
View Real Time Build Order
Export as new Build Order

Pumba Protoss - Winner!

Build Orders: 1 Gate Expand, Archon Immortal, Archon Drop, Dark Templar Rush 

Get SALT Encoding   

  12  0:00  Probe  
  13  0:13  Probe  
  14  0:23  Pylon  
  14  0:25  Probe  
  15  0:41  Probe (Chrono Boost)  
  16  0:43  Gateway  
  16  0:51  Assimilator  
  16  0:53  Probe (Chrono Boost)  
  17  0:58  Probe (Chrono Boost)  
  18  1:08  Probe  
  19  1:20  Probe  
  20  1:28  Nexus  
  20  1:34  Cybernetics Core  
  20  1:39  Probe  
  21  1:44  Assimilator  
  21  1:48  Pylon  
  21  1:56  Probe  
  22  2:08  Probe  
  23  2:09  Adept (Chrono Boost)  
  23  2:12  Warp Gate  
  25  2:20  Probe  
  26  2:30  Twilight Council  
  26  2:32  Probe  
  26  2:35  Stalker (Chrono Boost)  
  29  2:45  Probe (Chrono Boost)  
  29  2:49  Probe (Chrono Boost)  
  31  2:54  Probe (Chrono Boost)  
  31  2:55  Robotics Facility  
  31  2:58  Probe (Chrono Boost)  
  33  2:59  Probe (Chrono Boost)  
  34  3:08  Probe  
  34  3:11  Probe  
  36  3:20  Probe  
  36  3:23  Probe  
  38  3:27  Dark Shrine  
  38  3:28  Gateway  
  38  3:29  Gateway  
  38  3:32  Probe  
  39  3:35  Gateway  
  39  3:38  Probe  
  40  3:41  Warp Prism (Chrono Boost)  
  40  3:47  Probe  
  43  3:50  Probe  
  43  3:53  Pylon  
  44  4:00  Probe  
  44  4:02  Probe  
  46  4:03  Assimilator  
  46  4:07  Assimilator  
  46  4:10  Pylon  
  46  4:12  Probe  
  46  4:15  Pylon  
  47  4:23  Probe  
  48  4:25  Probe  
  49  4:35  Probe  
  49  4:37  Probe  
  51  4:40  Dark Templar x4  
  59  4:52  Nexus  
  59  4:56  Pylon  
  59  5:00  Probe x2  
  61  5:12  Probe  
  62  5:22  Probe  
  62  5:24  Probe  
  62  5:26  Sentry x3  
  62  5:27  Zealot  
  72  5:31  Shield Battery  
  72  5:34  Probe, Pylon  
  73  5:36  Probe  
  73  5:37  Charge, Robotics Facility  
  73  5:38  Forge  
  74  5:43  Archon x2  
  74  5:46  Probe  
  75  5:52  Gateway  
  75  5:54  Gateway  
  75  5:55  Gateway x2  
  75  5:57  Pylon  
  75  6:02  Pylon  
  75  6:05  Pylon x2  
  75  6:06  Probe  
  75  6:07  Probe  
  77  6:12  Probe  
  78  6:18  Probe  
  79  6:26  Probe x2  
  79  6:29  Zealot x4  
  79  6:32  Protoss Ground Weapons Level 1 (Chrono Boost)  
  89  6:37  Probe  
  89  6:38  Probe  
  89  6:41  Assimilator  
  89  6:44  Templar Archives  
  89  6:45  Immortal (Chrono Boost)  
  89  6:46  Immortal (Chrono Boost), Assimilator  
  97  7:03  Probe x3  
  100  7:14  Immortal (Chrono Boost)  
  100  7:15  Immortal (Chrono Boost), Probe  
  109  7:26  Psionic Storm  
  109  7:33  Probe  
  110  7:38  High Templar x2  
  110  7:39  High Templar  
  110  7:42  Pylon  
  114  7:45  Archon  
  114  7:47  Zealot x2, Immortal (Chrono Boost)  
  120  7:57  Immortal (Chrono Boost), High Templar  
  120  7:58  High Templar  
  128  8:04  High Templar  
  130  8:13  Nexus  
  130  8:19  Pylon  
  130  8:22  Photon Cannon, Pylon  
  130  8:23  Photon Cannon  
  130  8:24  Photon Cannon, Pylon x2  
  130  8:26  Pylon  
  130  8:28  High Templar x2  
  130  8:29  Zealot x3  
  132  8:46  Zealot x3  
  134  8:58  Zealot x3  
  140  9:13  Protoss Ground Weapons Level 2 (Chrono Boost)  
  140  9:18  Zealot x7  
  140  9:19  Zealot  
  156  9:25  Photon Cannon, Assimilator  
  156  9:27  Assimilator  
  156  9:28  Pylon  
  156  9:50  Zealot x8  
  172  9:55  Immortal x2  
  180  10:10  Zealot x2  
  180  10:11  Zealot x6  
  176  10:35  Observer x2  
  168  10:39  Zealot x2  
  168  10:40  Zealot x5  
  170  10:56  Observer  
Show
View Real Time Build Order
Export as new Build Order

DraKek Zerg 

Build Orders: Hatch First 

Get SALT Encoding   

  12  0:00  Drone  
  13  0:13  Overlord  
  13  0:16  Drone  
  14  0:31  Drone x2  
  16  0:50  Hatchery  
  16  0:52  Drone  
  16  0:56  Drone  
  17  0:59  Drone  
  18  1:10  Extractor  
  17  1:16  Spawning Pool  
  16  1:19  Drone  
  16  1:22  Drone  
  18  1:28  Drone  
  19  1:39  Drone  
  20  1:50  Drone  
  21  2:03  Queen x2  
  21  2:04  Drone x2  
  27  2:17  Drone  
  28  2:24  Hatchery  
  28  2:27  Overlord  
  28  2:29  Drone  
  28  2:45  Queen  
  28  2:46  Drone x4  
  28  2:49  Drone  
  35  2:56  Overlord  
  35  3:02  Zergling x2  
  36  3:15  Roach Warren  
  35  3:23  Drone  
  35  3:25  Overlord x2  
  36  3:36  Queen  
  36  3:37  Drone x2  
  36  3:38  Drone x2  
  36  3:39  Overlord  
  36  3:41  Overlord  
  42  3:47  Drone  
  43  3:48  Drone x2  
  43  3:49  Drone x2  
  47  3:58  Queen  
  49  4:05  Extractor  
  49  4:06  Extractor  
  49  4:07  Drone x3  
  49  4:08  Drone x2  
  52  4:18  Lair  
  52  4:20  Drone x2  
  52  4:21  Drone  
  55  4:25  Queen  
  57  4:40  Roach x8  
  57  4:43  Overlord  
  57  4:45  Metabolic Boost  
  72  4:56  Overlord x2  
  72  5:00  Spore Crawler  
  72  5:02  Spore Crawler  
  72  5:04  Spore Crawler, Drone  
  72  5:05  Drone  
  72  5:06  Drone  
  70  5:18  Queen x3  
  74  5:27  Ravager x3  
  74  5:28  Ravager  
  78  5:41  Zergling x26  
  91  5:49  Drone x2  
  93  5:51  Glial Reconstitution  
  93  5:53  Drone x3  
  96  6:11  Drone  
  96  6:12  Baneling Nest  
  96  6:14  Overlord x3  
  84  6:43  Roach  
  84  6:44  Roach x14  
  111  6:55  Drone  
  111  6:56  Drone  
  111  6:57  Evolution Chamber  
  111  6:58  Ravager x2, Evolution Chamber  
  111  7:01  Overlord x2  
  113  7:03  Hatchery  
  112  7:20  Roach  
  112  7:21  Roach x7  
  128  7:26  Overlord x2  
  128  7:33  Zergling x2  
  128  7:35  Overlord x2  
  127  7:50  Zergling x2  
  127  7:51  Zergling x26  
  137  8:05  Zerg Missile Weapons Level 1, Zerg Melee Weapons Level 1  
  137  8:06  Centrifugal Hooks  
  137  8:08  Zergling x10  
  142  8:14  Ravager  
  142  8:15  Ravager  
  144  8:24  Overlord x2  
  144  8:25  Zergling x4  
  144  8:26  Zergling x8  
  125  8:47  Roach x12  
  126  8:55  Drone x4  
  130  8:56  Queen  
  130  9:00  Baneling  
  130  9:01  Baneling x3  
  132  9:06  Drone x4  
  132  9:07  Extractor  
  132  9:08  Extractor  
  134  9:10  Drone x2  
  136  9:19  Baneling  
  136  9:20  Baneling x5  
  136  9:28  Drone x3  
  136  9:29  Drone  
  136  9:30  Drone x9  
  149  9:38  Overlord x2  
  149  9:40  Overlord  
  149  9:44  Ravager x3  
  152  9:46  Zergling x8  
  155  10:03  Zergling x2  
  155  10:04  Zergling x22  
  163  10:16  Drone  
  149  10:34  Roach x2  
  149  10:35  Roach x13  
  144  10:47  Overseer  
  62  11:07  Zergling x2  
  62  11:08  Zergling x18  
  45  11:21  Roach x7  
Tags
 
Add a new tag
Caveats
  • Supply blocks, unpowered buildings, or Contaminate may cause inaccurate times.
  • Supply counts are checked every 10 seconds.